 Dungeon Crawl Stone Soup version 0.25-a0-167-g836c352ace (webtiles) character file.

Game seed: 2510970396862826020, levelgen mode: deterministic

2211 KarmaPolice the Covert (level 9, -2/48 HPs)
             Began as a Vine Stalker Assassin on Nov 21, 2019.
             Was a Follower of Wu Jian.
             Killed from afar by a steam dragon (13 damage)
             ... with a ball of steam
             ... on level 7 of the Dungeon on Nov 25, 2019.
             The game lasted 00:21:32 (6115 turns).

KarmaPolice the Covert (Vine Stalker Assassin)      Turns: 6115, Time: 00:21:33

Health: -2/48      AC:  5    Str: 17    XL:     9   Next: 35%
Magic:  0/13       EV: 11    Int: 11    God:    Wu Jian [*.....]
Gold:   581        SH:  0    Dex: 16    Spells: 8/8 levels left

rFire    . . .     SeeInvis .   o - +0 dagger (venom)
rCold    . . .     Gourm    .   (no shield)
rNeg     . . .     Faith    .   b - +0 robe
rPois    .         Spirit   +   k - +0 helmet
rElec    .         Reflect  .   c - +0 cloak
rCorr    .         Harm     .   (no gloves)
MR       +....                  B - +0 pair of boots
Stlth    ++++......             I - amulet of regeneration
HPRegen  0.96/turn              (no ring)
MPRegen  0.13/turn              (no ring)

@: marked
A: fangs 3, regeneration 1, magic shield, antimagic bite, no potion heal 3, rot
immunity
a: Renounce Religion


You were on level 7 of the Dungeon.
You worshipped Wu Jian.
Wu Jian was aware of your devotion.
You were not hungry.

You visited 2 branches of the dungeon, and saw 8 of its levels.
You also visited: Sewer.

You collected 581 gold pieces.

Inventory:

Hand Weapons
 a - a +2 dagger
 o - a +0 dagger of venom (weapon)
 y - a +0 war axe
 K - a +2 whip of freezing
Missiles
 d - 5 poisoned darts (quivered)
 e - 3 curare-tipped darts
 i - 3 boomerangs
 j - 4 atropa-tipped darts
Armour
 b - a +0 robe (worn)
 c - a +0 cloak (worn)
 k - a +0 helmet (worn)
 u - a +1 leather armour of fire resistance
 x - a cursed -2 plate armour
 A - the cursed +1 ring mail "Jepn" {Int+2, unknown}
   (You found it on level 4 of the Dungeon)

   It affects your intelligence (+2).
   It has a curse placed upon it.
 B - a +0 pair of boots (worn)
Jewellery
 F - a +1 ring of evasion {unknown}
 I - an amulet of regeneration (around neck)
Wands
 p - a wand of flame (22)
 E - a wand of enslavement (6)
Scrolls
 h - a scroll of enchant weapon
 l - 2 scrolls of identify
 q - a scroll of random uselessness
 r - 2 scrolls of enchant armour
 s - a scroll of teleportation
 t - a scroll of amnesia
 D - a scroll of silence
 G - a scroll of remove curse {unknown}
 L - a scroll of fog {unknown}
 M - a scroll of magic mapping {unknown}
Potions
 g - a potion of degeneration {unknown}
 m - a potion of agility {unknown}
 n - 2 potions of brilliance
 v - 2 potions of flight {unknown}
 w - a potion of lignification {unknown}
 z - a potion of cancellation {unknown}
 C - 2 potions of haste {unknown}
 H - a potion of heal wounds {unknown}
 J - a potion of curing {unknown}
Comestibles
 f - 10 rations


   Skills:
 + Level 5.9 Fighting
 - Level 1.7 Short Blades
 + Level 4.6 Axes
 - Level 4.2 Throwing
 - Level 0.7 Dodging
 + Level 9.4 Stealth
 + Level 4.2 Evocations


You had 8 spell levels left.
You didn't know any spells.
Your spell library was empty.

Dungeon Overview and Level Annotations

Branches:
Dungeon (7/15)             Temple (1/1) D:6           Sewer (visited)

Altars:
Cheibriados
Gozag
Hepliaklqana
Kikubaaqudgha
Okawaru
Qazlal
Wu Jian

Annotations:
D:7 Harold


Innate Abilities, Weirdness & Mutations

You have razor-sharp teeth.
Your natural rate of healing is unusually fast.
When hurt, damage is shared between your health and your magic reserves.
Your bite disrupts and absorbs the magic of your enemies.
Potions cannot restore your health.
You are immune to rotting.


Message History

The steam dragon breathes steam at you. The ball of steam hits you!
There is an open door here.
You are too injured to fight recklessly!
You are too injured to fight recklessly!
Unknown command.
You swap places.
The freed slave is engulfed in a cloud of scalding steam.
The freed slave dies!
The steam dragon breathes steam at you. The ball of steam hits you!!
* * * LOW HITPOINT WARNING * * *
You see here a +0 robe.
You are engulfed in a cloud of scalding steam.
* * * LOW HITPOINT WARNING * * *
You swap places.
The freed slave hits something.
The steam dragon breathes steam at you. The ball of steam hits you!
You die...

######.#...#.##<.p.....[#
#.##..#.# #.......#
#.###.# # #.....# #.....#
# #...# #.#####.# #§#
##.#####.# #§# #........#
#[# #..###.########D##
####
#..#......@§.#.).#..>..
#..#.#.#####§D.....##
#........###.#......#
#.##.#.#..........#.#
#.##.#.#####.####...#
#.##.#.# #.# ####
#......#####.#
####.........#
###########


You could see a steam dragon.

Vanquished Creatures
  Pikel (D:7)
  Sigmund (D:4)
  Duvessa (D:4)
  An orc warrior (D:5)
  An ice beast (D:5)
  3 ogres
  A necrophage (D:7)
  A phantom (D:7)
  A crocodile (Sewer)
  2 scorpions (D:6)
  Dowan (D:4)
  A bullfrog zombie (D:6)
  4 hounds
  A jelly (D:5)
  2 bullfrog skeletons
  Crazy Yiuf (D:2)
  An orc priest (D:5)
  An orc wizard (D:3)
  A centaur skeleton (D:6)
  An iguana (D:4)
  2 worker ants
  A hound zombie (D:5)
  6 adders
  2 shadow imps
  3 oozes
  3 adder skeletons
  3 worms (D:2)
  A dart slug (D:3)
  2 leopard geckos (D:3)
  11 orcs
  5 ball pythons
  15 bats
  3 giant cockroaches
  4 goblins (D:1)
  4 hobgoblins
  5 quokkas
  8 frilled lizards
  A jackal skeleton (D:5)
  A jackal zombie (D:5)
  4 kobolds
  8 rats
119 creatures vanquished.

Vanquished Creatures (others)
  A slave (D:7)
1 creature vanquished.

Grand Total: 120 creatures vanquished

Notes
Turn   | Place    | Note
-------+----------+-------------------------------------------
     0 | D:1      | KarmaPolice the Vine Stalker Assassin began the quest for
                  | the Orb.
     0 | D:1      | Reached XP level 1. HP: 11/11 MP: 2/2
    85 | D:1      | Reached skill level 5 in Stealth
    88 | D:1      | Reached XP level 2. HP: 15/15 MP: 3/3
   447 | D:1      | Upgraded the game from 0.25-a0-160-gd1d2e81aba to
                  | 0.25-a0-163-g00f8f0cddd
   683 | D:2      | Reached XP level 3. HP: 13/19 MP: 2/4
   737 | D:2      | Found a faded altar of an unknown god.
   931 | D:2      | Found a stormy altar of Qazlal.
  1555 | D:2      | Gained mutation: Your natural rate of healing is unusually
                  | fast. [Vine Stalker growth]
  1555 | D:2      | Reached XP level 4. HP: 11/23 MP: 5/5
  1658 | D:2      | Noticed an earth elemental
  1660 | D:2      | Noticed a water elemental
  1661 | D:2      | Noticed a fire elemental
  1661 | D:2      | Noticed an air elemental
  1972 | D:2      | Found a runed translucent door.
  1973 | D:2      | Noticed Crazy Yiuf
  2153 | D:2      | Killed Crazy Yiuf
  2153 | D:2      | Reached skill level 1 in Evocations
  2283 | D:2      | Reached XP level 5. HP: 12/28 MP: 2/6
  2332 | D:3      | Reached skill level 6 in Stealth
  2803 | D:4      | Found an ornate altar of the Wu Jian Council.
  2813 | D:4      | Became a worshipper of the Wu Jian Council
  2938 | D:4      | Found an opulent altar of Gozag.
  2944 | D:4      | Reached XP level 6. HP: 30/32 MP: 6/8
  3021 | D:4      | Noticed Sigmund
  3034 | D:4      | Killed Sigmund
  3034 | D:4      | Reached skill level 1 in Axes
  3070 | D:4      | Upgraded the game from 0.25-a0-163-g00f8f0cddd to
                  | 0.25-a0-167-g836c352ace
  3100 | D:4      | Reached XP level 7. HP: 37/37 MP: 9/9
  3221 | D:4      | Got a distressingly furry ring mail
  3275 | D:4      | Noticed Dowan
  3305 | D:4      | Reached skill level 7 in Stealth
  3355 | D:4      | Killed Dowan
  3397 | D:4      | Noticed Duvessa
  3419 | D:4      | Killed Duvessa
  3773 | D:5      | Entered Level 5 of the Dungeon
  3937 | D:5      | Found a snail-covered altar of Cheibriados.
  3947 | D:5      | Gained mutation: You have razor-sharp teeth. [Vine Stalker
                  | growth]
  3947 | D:5      | Reached XP level 8. HP: 42/42 MP: 10/10
  4072 | D:5      | Reached skill level 8 in Stealth
  4094 | D:5      | Reached * piety under Wu Jian
  4267 | D:5      | Found a glowing drain.
  4285 | Sewer    | Entered a sewer
  4706 | D:5      | Reached skill level 5 in Fighting
  5131 | D:6      | Found an ancient bone altar of Kikubaaqudgha.
  5187 | D:6      | Found an iron altar of Okawaru.
  5322 | D:6      | Found a staircase to the Ecumenical Temple.
  5363 | Temple   | Entered the Ecumenical Temple
  5886 | D:7      | Found a hazy altar of Hepliaklqana.
  5901 | D:7      | Noticed Harold
  6078 | D:7      | Reached skill level 9 in Stealth
  6078 | D:7      | Reached XP level 9. HP: 47/47 MP: 12/12
  6085 | D:7      | Noticed Pikel
  6103 | D:7      | Killed Pikel
  6115 | D:7      | Killed from afar by a steam dragon

Levels and vault maps discovered:
D:1:      lemuel_arrival_room, layout_basic, minmay_liquid_box
D:2:      layout_basic, chequers_ecumenical_altar_simple,
          nicolae_qazlal_style_of_elements, uniq_crazy_yiuf_cottage
D:3:      layout_basic
D:4:      layout_rooms, old_standard_altar, grunt_gozag_statues, serial_forest,
          infiniplex_forest_corner_1, infiniplex_forest_end_double,
          infiniplex_forest_clump_cross, infiniplex_forest_straight_4,
          infiniplex_forest_lined_room_2, infiniplex_forest_side_room,
          infiniplex_forest_clump_small, first_ration, uniq_sigmund,
          uniq_duvessa
D:5:      layout_basic, cheibrodos_sewer_entry_drain, basic_altar
D:6:      layout_layer_cave, kiku_gazebo_pond_becter,
          minmay_temple_entry_overgrown, basic_altar
D:7:      layout_loops_corners, serial_shops, kennysheep_little_box,
          lemuel_statue_altar, uniq_harold, uniq_pikel
Temple:   grunt_temple_mini_profane

Skill      XL: |  1  2  3  4  5  6  7  8  9 |
---------------+----------------------------+-----
Fighting       | 2 3 4 5 |  5.9
Stealth        | 5 6 7 9 |  9.4
Throwing       | 2 3 4 |  4.2
Evocations     | 1 2 3 4 |  4.2
Axes           | 1 2 4 |  4.6
Short Blades   | |  1.7
Dodging        | |  0.7

Action                   |  1- 3 |  4- 6 |  7- 9 || total
-------------------------+-------+-------+-------++-------
Melee: Dagger            |    65 |   109 |   156 ||   330
       Bite              |    12 |    29 |    59 ||   100
       War axe           |       |       |    28 ||    28
Throw: Dart              |       |    11 |    19 ||    30
Invok: Lunge             |       |     1 |    16 ||    17
       Whirlwind         |       |       |    14 ||    14
  Use: Scroll            |       |       |     9 ||     9
 Stab: Sleeping          |    14 |    11 |     9 ||    34
       Distracted        |       |       |     1 ||     1
  Eat: Chunk             |     2 |     5 |     7 ||    14
       Ration            |       |       |     1 ||     1
Armor: Robe              |    19 |    40 |    60 ||   119
Dodge: Dodged            |    26 |    70 |   111 ||   207

Table legend:
 A = Non-vault XP
 B = Vault XP
 C = Vault XP percentage of total XP
 D = Non-vault monster count
 E = Vault monster count
 F = Vault count percentage of total count
                 A         B        C        D         E       F
            +---------+---------+-------+---------+---------+-------
      Total |    1868 |    1291 |  40.9 |     106 |      13 |  10.9
            +---------+---------+-------+---------+---------+-------
        D:1 |      24 |       0 |   0.0 |      17 |       0 |   0.0
        D:2 |      80 |      40 |  33.3 |      21 |       1 |   4.5
        D:3 |     108 |       0 |   0.0 |      22 |       0 |   0.0
        D:4 |     303 |     439 |  59.2 |       9 |       3 |  25.0
        D:5 |     738 |       3 |   0.4 |      22 |       2 |   8.3
        D:6 |     327 |       0 |   0.0 |      11 |       0 |   0.0
        D:7 |     288 |     697 |  70.8 |       4 |       1 |  20.0
      Sewer |       0 |     112 | 100.0 |       0 |       6 | 100.0
            +---------+---------+-------+---------+---------+-------
